[Event "Late-Titled-Tuesday-Blitz-July-09-2024"]
[Site "Chess.com"]
[Date "2024.07.09"]
[Round "10"]
[White "Kowarenai"]
[Black "PapaieDudu"]
[Result "1-0"]
[WhiteElo "2563"]
[BlackElo "2412"]
[TimeControl "180+1"]
[EndTime "15:53:01 PDT"]
[Termination "Kowarenai won by resignation"]

1. b3 d5 2. Bb2 Nf6 3. Nf3 Nc6 4. e3 Bf5 5. Bd3 Bg6 6. Bxg6 hxg6 7. d3 e6 8. Nbd2 Bd6 9. Qe2 e5 10. e4 Qe7 11. O-O-O O-O-O 12. h4 Ba3 13. g3 Bxb2+ 14. Kxb2 Nd4 15. Nxd4 exd4 16. e5 Nd7 17. Rhe1 Kb8 18.
Nf3 Qc5 19. Qd2 Qb6 20. Qf4 Nc5 21. Qxd4 Qc6 22. Qe3 Ne6 23. Nd4 Qd7 24. Nxe6 fxe6 25. d4 Rdf8 26. f4 a5 27. Rc1 a4 28. c4 Qc6 29. cxd5 Qxd5 30. Rc5 Qg2+ 31. Re2 Qh1 32. bxa4 b6 33. Rc1 Qd5 34. Rec2 Rf7 35. Qc3 Rc8 36.
Qc4 Qd7 37. a5 b5 38. Qc5 c6 39. Qb6+ Qb7 40. Rxc6 Rfc7 41. Rxc7 Rxc7 42. Qxc7+ Qxc7 43. Rxc7 Kxc7 44. Kb3 Kb7 45. Kb4 Ka6 46. a3 g5 47.
fxg5 g6 48. g4 Ka7 49. Kxb5 1-0

[Event "Late-Titled-Tuesday-Blitz-July-09-2024"]
[Site "Chess.com"]
[Date "2024.07.09"]
[Round "10"]
[White "noblerone"]
[Black "NovakRatko"]
[Result "1-0"]
[WhiteElo "2472"]
[BlackElo "2345"]
[TimeControl "180+1"]
[EndTime "15:53:01 PDT"]
[Termination "noblerone won by resignation"]

1. d4 d5 2. c4 c5 3. cxd5 Qxd5 4.
dxc5 Qxd1+ 5. Kxd1 e5 6. Be3 Nc6 7. a3 a5 8. Nc3 Be6 9. g3 f5 10. Bg2 e4 11. Nh3 Bb3+ 12. Ke1 h6 13. Nf4 Nge7 14. h4 g6 15. f3 exf3 16. Bxf3 Bg7 17. Kf2 O-O-O 18. Nb5 Rd7 19. Nd3 Kb8 20. Bf4+ Ka8 21.
Rac1 Nd5 22. Bxd5 Bxd5 23. Nc7+ Ka7 24. Nxd5 Rxd5 25. b4 Re8 26. Rhd1 Nd4 27. e3 Ne6 28. Ne1 Rxd1 29. Rxd1 g5 30. Bd6 gxh4 31. gxh4 Bf6 32.
Nf3 Bb2 33. Rd3 Ka6 34. Nd4 Nxd4 35. exd4 Kb5 36. bxa5 Re4 37. Be5 Rxh4 38. Rb3+ Kxa5 39. Rxb2 Rh2+ 40. Bxh2 1-0

[Event "Late-Titled-Tuesday-Blitz-July-09-2024"]
[Site "Chess.com"]
[Date "2024.07.09"]
[Round "10"]
[White "Michalczak"]
[Black "jcmesafischer"]
[Result "1-0"]
[WhiteElo "2499"]
[BlackElo "2355"]
[TimeControl "180+1"]
[EndTime "15:53:06 PDT"]
[Termination "Michalczak won on time"]

1. e4 c5 2. c3 d5 3. exd5 Nf6 4.
Bb5+ Nbd7 5. d4 cxd4 6. Qxd4 a6 7. Bc4 b5 8. Bb3 Bb7 9. Be3 Rc8 10. Na3 Nc5 11.
Nf3 Nxb3 12. axb3 Qxd5 13. O-O e6 14. Qb6 Nd7 15. Qa7 Ra8 16. Qd4 Qxb3 17. Rfd1 Nf6 18.
Qb6 Bd5 19. Rd2 Nd7 20. Qd4 b4 21. Nb5 axb5 22. Rxa8+ Ke7 23. Ra7 bxc3 24. bxc3 Qc4 25. Rxd7+ 1-0

[Event "Late-Titled-Tuesday-Blitz-July-09-2024"]
[Site "Chess.com"]
[Date "2024.07.09"]
[Round "10"]
[White "TC2304"]
[Black "cthulhuuu"]
[Result "0-1"]
[WhiteElo "2350"]
[BlackElo "2476"]
[TimeControl "180+1"]
[EndTime "15:53:06 PDT"]
[Termination "cthulhuuu won on time"]

1. d4 Nf6 2. Nf3 g6 3. b3 Bg7 4. Bb2 O-O 5. g3 d6 6. Bg2 Nbd7 7. O-O e5 8. c4 Re8 9. Nc3 e4 10. Ng5 e3 11. fxe3 h6 12. Nge4 Nxe4 13. Nxe4 f5 14. Nc3 Rxe3 15. Qd2 Re8 16. e4 Nf6 17. Rae1 c6 18.
exf5 Bxf5 19. Rxe8+ Qxe8 20. Re1 Qd7 21. Ba3 Re8 22.
Rxe8+ Nxe8 23. Ne4 b6 24. h3 d5 25. cxd5 cxd5 26.
Nc3 Bxh3 27. Bxd5+ Kh7 28. Bf3 Bxd4+ 0-1

[Event "Late-Titled-Tuesday-Blitz-July-09-2024"]
[Site "Chess.com"]
[Date "2024.07.09"]
[Round "10"]
[White "Os55555"]
[Black "UB_TheQueen"]
[Result "0-1"]
[WhiteElo "2290"]
[BlackElo "2120"]
[TimeControl "180+1"]
[EndTime "15:53:06 PDT"]
[Termination "UB_TheQueen won by checkmate"]

1. e4 c5 2. Nc3 Nc6 3. Bb5 Nd4 4. Bc4 e6 5. d3 Nf6 6. Nf3 d6 7. Nxd4 cxd4 8. Ne2 Qb6 9. O-O Be7 10. a4 O-O 11. a5 Qc5 12. Bd2 d5 13. exd5 Nxd5 14.
Rb1 e5 15. b4 Qd6 16. f4 Bg4 17. Bxd5 Qxd5 18. h3 Bd7 19. fxe5 Qxe5 20. Bf4 Qd5 21. Qe1 Bc6 22. Qf2 Bf6 23. Bc1 Rfe8 24. Bb2 Rad8 25. Kh1 Re3 26. Nf4 Qg5 27. Bc1 Be5 28. h4 Qg4 29.
Bxe3 dxe3 30. Qe2 Qxh4+ 31. Kg1 Bxf4 32. b5 Qh2# 0-1

[Event "Late-Titled-Tuesday-Blitz-July-09-2024"]
[Site "Chess.com"]
[Date "2024.07.09"]
[Round "10"]
[White "LoonsDeKoeben"]
[Black "LUISMIGUELOV"]
[Result "1-0"]
[WhiteElo "2427"]
[BlackElo "2215"]
[TimeControl "180+1"]
[EndTime "15:53:07 PDT"]
[Termination "LoonsDeKoeben won by checkmate"]

1. Nf3 d5 2. d4 c6 3. Bf4 Bg4 4. Nbd2 Nd7 5. e3 e6 6. c3 Qb6 7. Qb3 Bxf3 8. Qxb6 axb6 9. gxf3 b5 10. e4 Ngf6 11. Bd3 Be7 12. e5 Nh5 13. Be3 g6 14.
Nf1 Ng7 15. Ng3 Nf5 16. Nxf5 exf5 17. Kd2 Nf8 18. b3 Ne6 19. f4 h5 20. a4 bxa4 21. bxa4 Ra7 22. Rhb1 Kd7 23. c4 dxc4 24. Bxc4 Rha8 25.
d5 Nc5 26. d6 Ne4+ 27. Kd3 Rxa4 28. Rxb7+ Kc8 29. Rc7+ Kd8 30. Bb6 Bxd6 31. exd6 Rxa1 32. Re7+ Kc8 33. d7+ Kb7 34. d8=Q# 1-0

[Event "Late-Titled-Tuesday-Blitz-July-09-2024"]
[Site "Chess.com"]
[Date "2024.07.09"]
[Round "10"]
[White "HaryKane"]
[Black "Andrei_Skvortsov"]
[Result "1-0"]
[WhiteElo "2622"]
[BlackElo "2775"]
[TimeControl "180+1"]
[EndTime "15:53:08 PDT"]
[Termination "HaryKane won by resignation"]

1. d4 d5 2. e3 Nd7 3. f4 Ndf6 4. Nf3 Bf5 5. Bd3 e6 6. Bxf5 exf5 7. Qd3 Qc8 8. c4 c6 9. cxd5 Nxd5 10. Nc3 Nb4 11. Qe2 Nf6 12. O-O Qe6 13. Bd2 O-O-O 14. Rfc1 Kb8 15. Ne5 Nbd5 16. b4 Nxc3 17. Bxc3 Nd5 18.
b5 cxb5 19. Qxb5 f6 20. Ba5 fxe5 21. Bxd8 a6 22. Qb3 Bb4 23. Bc7+ Nxc7 24. Qxb4 exf4 25.
exf4 Qe3+ 26. Kh1 Qxf4 27. Rab1 Qe4 28. Qd6 Rc8 29. Rb2 Qd5 30. Qf4 g6 31. Rbc2 Qd7 32. d5 g5 33. Qe5 1-0

[Event "Late-Titled-Tuesday-Blitz-July-09-2024"]
[Site "Chess.com"]
[Date "2024.07.09"]
[Round "10"]
[White "bazar-wokzal"]
[Black "IlanSchnaider"]
[Result "1-0"]
[WhiteElo "2662"]
[BlackElo "2813"]
[TimeControl "180+1"]
[EndTime "15:53:11 PDT"]
[Termination "bazar-wokzal won by resignation"]

1. e4 e5 2. Bc4 Nf6 3. d3 c6 4.
Nf3 Be7 5. O-O Qc7 6. Nc3 O-O 7.
a4 d6 8. h3 Be6 9. Bxe6 fxe6 10. d4 exd4 11. Nxd4 Qd7 12. f4 Na6 13. Qe2 Nc5 14.
b4 Na6 15. Ba3 e5 16. Nf5 Rfe8 17. b5 cxb5 18. axb5 Nc5 19. Bxc5 dxc5 20. fxe5 Rad8 21. Qc4+ Kh8 22. Rad1 Qc7 23. exf6 Bxf6 24. Nd5 Qe5 25. Nxf6 Qxf6 26. Rxd8 Qxd8 27. Qxc5 b6 28. Qc3 Qg5 29. Rf3 Rg8 30. Rg3 Qf4 31. Rxg7 Qc1+ 32. Kh2 Qf4+ 33. Rg3+ 1-0

[Event "Late-Titled-Tuesday-Blitz-July-09-2024"]
[Site "Chess.com"]
[Date "2024.07.09"]
[Round "10"]
[White "rasmussvane"]
[Black "scandalgod"]
[Result "1-0"]
[WhiteElo "2914"]
[BlackElo "2680"]
[TimeControl "180+1"]
[EndTime "15:53:14 PDT"]
[Termination "rasmussvane won on time"]

1. Nf3 d5 2. d4 Nf6 3. c4 c6 4. Nbd2 a6 5. e3 Bf5 6. Nh4 Bg4 7. Qb3 Ra7 8. h3 Be6 9. Be2 g6 10. O-O Bg7 11. Qc2 O-O 12. b3 Nbd7 13. Bb2 Ra8 14.
Rfd1 Re8 15. Rac1 Rc8 16. b4 dxc4 17. Nxc4 Nd5 18. a3 N7f6 19. Bd3 Qc7 20. Nf3 Qb8 21.
Qd2 Rcd8 22. Qe2 Bf5 23. Nfe5 Bxd3 24. Nxd3 Ne4 25. Qf3 Nd6 26. Na5 Nf6 27. Nc5 Nd7 28.
Nd3 e5 29. dxe5 Nxe5 30. Bxe5 Bxe5 31. Nxe5 Rxe5 32. Rd4 Rde8 33. Rcd1 Nf5 34. Rd7 R5e7 35. R7d3 Ng7 36. Qf6 Ne6 37. Rd7 Rxd7 38. Rxd7 1-0

[Event "Late-Titled-Tuesday-Blitz-July-09-2024"]
[Site "Chess.com"]
[Date "2024.07.09"]
[Round "10"]
[White "Djager97"]
[Black "MusicCityMaster"]
[Result "1-0"]
[WhiteElo "2636"]
[BlackElo "2504"]
[TimeControl "180+1"]
[EndTime "15:53:15 PDT"]
[Termination "Djager97 won by checkmate"]

1. e4 c5 2. Nf3 d6 3. d4 cxd4 4. Nxd4 Nf6 5. Nc3 a6 6. Bg5 e6 7.
Qe2 Nbd7 8. O-O-O Qc7 9. g4 b5 10. a3 Bb7 11. Bg2 Be7 12. h4 Nc5 13. f4 h5 14.
Bxf6 Bxf6 15. g5 Be7 16. f5 e5 17. Nb3 Nxb3+ 18. cxb3 O-O-O 19. Kb1 Kb8 20. Nd5 Bxd5 21. exd5 Rc8 22. Rc1 Qb6 23. Rc6 Rxc6 24. dxc6 f6 25. Rc1 Rc8 26. g6 Qd4 27. Ka2 d5 28. Rd1 Qb6 29.
Bxd5 Bc5 30. Qxh5 Bd4 31. Qh7 Qc5 32. Qxg7 Qxd5 33. Qb7# 1-0

[Event "Late-Titled-Tuesday-Blitz-July-09-2024"]
[Site "Chess.com"]
[Date "2024.07.09"]
[Round "10"]
[White "ValeriyGrinev"]
[Black "Bauman_Guy"]
[Result "0-1"]
[WhiteElo "2710"]
[BlackElo "2923"]
[TimeControl "180+1"]
[EndTime "15:53:20 PDT"]
[Termination "Bauman_Guy won by resignation"]

1. d4 Nf6 2. c4 e6 3. Nf3 b6 4. g3 Ba6 5. Nbd2 Bb7 6. Bg2 Be7 7.
O-O O-O 8. b3 d5 9. Bb2 c5 10.
e3 Nc6 11. Qe2 Rc8 12. Rac1 Qc7 13. cxd5 exd5 14. dxc5 bxc5 15. Nh4 Qb6 16. Nf5 Ba6 17. Qf3 Bxf1 18. Nxf1 Rfe8 19. Qf4 d4 20. Qg5 g6 21. exd4 cxd4 22. Bxc6 Rxc6 23. Bxd4 Qa6 24. Rxc6 Qxc6 25.
Nxe7+ Rxe7 26. Bxf6 Re1 27. Bb2 Qd7 28. Qf6 Kf8 29.
Qh8+ Ke7 30. Bf6+ Ke6 31. Bg5 Rxf1+ 32. Kxf1 Qd1+ 33. Kg2 Qd5+ 34. f3 Qxg5 35. Qe8+ Kd6 36. Qxf7 Qd2+ 37. Kh3 Qh6+ 38. Kg4 Qh5+ 39. Kf4 g5+ 40.
Ke4 Qxf7 0-1

[Event "Late-Titled-Tuesday-Blitz-July-09-2024"]
[Site "Chess.com"]
[Date "2024.07.09"]
[Round "10"]
[White "malakismayil"]
[Black "CarlosjPineror"]
[Result "0-1"]
[WhiteElo "2532"]
[BlackElo "2670"]
[TimeControl "180+1"]
[EndTime "15:53:20 PDT"]
[Termination "CarlosjPineror won by checkmate"]

1. e4 c5 2. Nf3 e6 3. c3 Nf6 4. e5 Nd5 5. g3 Nc6 6. Bg2 f5 7. exf6 Nxf6 8. d4 cxd4 9. cxd4 Be7 10. Nc3 Nb4 11. O-O O-O 12. Bg5 h6 13. Bxf6 Bxf6 14. a3 Nc6 15. d5 Ne7 16. Re1 Bxc3 17. bxc3 Nxd5 18. c4 Ne7 19. Rb1 Qc7 20. Qd3 Rb8 21.
Ne5 d6 22. Nf3 e5 23. Rbd1 Rf6 24. Nd2 Bf5 25. Ne4 Bxe4 26. Bxe4 Rbf8 27. f3 Kh8 28.
Rb1 b6 29. Red1 Nc6 30. Kg2 Nd4 31. Rf1 Qc5 32. Bd5 Nf5 33. Rbe1 Qd4 34. Qe2 Ne7 35. Rd1 Qc5 36. Be4 Qxa3 37. Ra1 Qc5 38. Rxa7 Nf5 39. Kh1 Nd4 40. Qd3 Rc8 41. Bd5 b5 42. cxb5 Qxd5 43. b6 Rb8 44. Rb1 Rxf3 45. Qg6 Rf1# 0-1

[Event "Late-Titled-Tuesday-Blitz-July-09-2024"]
[Site "Chess.com"]
[Date "2024.07.09"]
[Round "10"]
[White "falzehope0"]
[Black "AlexZambrano"]
[Result "1-0"]
[WhiteElo "2455"]
[BlackElo "2329"]
[TimeControl "180+1"]
[EndTime "15:53:22 PDT"]
[Termination "falzehope0 won on time"]

1. d4 Nf6 2. e3 e6 3. Bd3 c5 4. c3 Be7 5. f4 Nc6 6. Nf3 O-O 7. O-O b6 8. Nbd2 Bb7 9. a3 Rc8 10. Qe2 cxd4 11. exd4 d6 12. Re1 Re8 13. Ng5 h6 14. Nxf7 Qd7 15. Bg6 Rf8 16. f5 exf5 17. Rf1 Rxf7 18.
Bxf5 Qc7 19. Be6 Rf8 20. Ne4 Nd8 21. Bxf7+ Nxf7 22. Ng3 Re8 23. Qd3 Bf8 24. Qg6 Ne4 25.
Nf5 Bc8 26. Ng3 Nxg3 27. Qxg3 Qe7 28. Bf4 Qd7 29. h3 Kh8 30. Rf2 Ng5 31. Bxg5 hxg5 32. Qxg5 Be7 33. Qh5+ Kg8 34. Qf7+ Kh8 35. Re1 Bb7 36.
Rf5 1-0

[Event "Late-Titled-Tuesday-Blitz-July-09-2024"]
[Site "Chess.com"]
[Date "2024.07.09"]
[Round "10"]
[White "Hikaru"]
[Black "tptagain"]
[Result "1-0"]
[WhiteElo "3229"]
[BlackElo "3050"]
[TimeControl "180+1"]
[EndTime "15:53:23 PDT"]
[Termination "Hikaru won by resignation"]

1. e4 c6 2. Nc3 d5 3. Nf3 Bg4 4. h3 Bxf3 5. Qxf3 e6 6. g3 d4 7. Nb1 h5 8. h4 Nf6 9. Qe2 Na6 10. d3 Qa5+ 11. Nd2 Nb4 12. Kd1 c5 13. a3 Nc6 14.
Nc4 Qc7 15. e5 Nd5 16. Bg2 O-O-O 17. Re1 b5 18. Nd2 Kb7 19. a4 a6 20. Nb3 g6 21.
Bd2 Ra8 22. Bxd5 exd5 23. Qf3 Qd7 24. axb5 axb5 25. Rxa8 Kxa8 26. Qf6 Rg8 27. e6 fxe6 28. Rxe6 Be7 29. Qf7 Rf8 30. Qxg6 Nb8 31. Bf4 c4 32. Nxd4 Bc5 33. Nc6 Nxc6 34. Rxc6 Rc8 35. Rxc5 Rxc5 36.
Qa6+ Qa7 37. Qxa7+ Kxa7 38. Be3 1-0

[Event "Late-Titled-Tuesday-Blitz-July-09-2024"]
[Site "Chess.com"]
[Date "2024.07.09"]
[Round "10"]
[White "schondeln"]
[Black "gamboajp"]
[Result "1/2-1/2"]
[WhiteElo "2339"]
[BlackElo "2185"]
[TimeControl "180+1"]
[EndTime "15:53:23 PDT"]
[Termination "Game drawn by repetition"]

1. e4 e6 2. d4 d5 3. exd5 exd5 4. Nf3 Bd6 5. c4 Nf6 6. Nc3 O-O 7. cxd5 Re8+ 8.
Be2 Bb4 9. Bg5 c6 10. O-O cxd5 11. Bxf6 Qxf6 12. Nxd5 Qd6 13. Nxb4 Qxb4 14. Ne5 Nc6 15. Nxc6 bxc6 16. Bf3 Ba6 17. Re1 Rxe1+ 18. Qxe1 Qxd4 19. Bxc6 Rc8 20. b3 g6 21. Rd1 Qf6 22. Be4 Re8 23.
f3 Bb7 24. Qf2 Bxe4 25. fxe4 Qxf2+ 26. Kxf2 Rxe4 27. Rd7 a5 28. Ra7 Re5 29. Kf3 Kg7 30. g4 h5 31. h3 hxg4+ 32. hxg4 Rb5 33. Kf4 g5+ 34. Kf3 Kg6 35. Ra6+ f6 36. Kg3 Rc5 37. Kf3 Rb5 38. Kg3 Rc5 39. Kf3 Rb5 1/2-1/2

[Event "Late-Titled-Tuesday-Blitz-July-09-2024"]
[Site "Chess.com"]
[Date "2024.07.09"]
[Round "10"]
[White "boguszp"]
[Black "maurovargas01"]
[Result "0-1"]
[WhiteElo "1945"]
[BlackElo "1938"]
[TimeControl "180+1"]
[EndTime "15:53:23 PDT"]
[Termination "maurovargas01 won on time"]

1. d4 d5 2. Nf3 Bg4 3. Ne5 Bh5 4. c4 e6 5. f4 f6 6. Nf3 Bb4+ 7. Bd2 Bxd2+ 8.
Nbxd2 Qd6 9. e3 c6 10. Qb3 Qd7 11. Bd3 Na6 12. O-O Ne7 13. cxd5 exd5 14. Bxa6 bxa6 15.
Qa4 Qb7 16. b3 O-O 17. Rac1 Bg6 18. Rc3 Rac8 19. Rfc1 Be8 20. Rc5 Bg6 21. b4 Bd3 22. Nb3 Bb5 23. Qa3 Nf5 24. Na5 Qe7 25. R1c3 g5 26. fxg5 fxg5 27. Ne5 Nxd4 28. Nf3 Ne2+ 29. Kf2 Nxc3 0-1

[Event "Late-Titled-Tuesday-Blitz-July-09-2024"]
[Site "Chess.com"]
[Date "2024.07.09"]
[Round "10"]
[White "pirulillo"]
[Black "TheAlienParty"]
[Result "1-0"]
[WhiteElo "2446"]
[BlackElo "2327"]
[TimeControl "180+1"]
[EndTime "15:53:25 PDT"]
[Termination "pirulillo won on time"]

1. e4 e5 2. Bc4 Nf6 3. d3 d5 4. exd5 Nxd5 5. Nf3 Nc6 6. h3 Be7 7. O-O Be6 8. Re1 f6 9. d4 O-O 10. dxe5 fxe5 11. Nxe5 Bc5 12. Nxc6 bxc6 13. Rxe6 Rxf2 14.
Kh1 Qh4 15. Nc3 Qxc4 16. Bd2 Raf8 17. Re1 Qd4 18. Ne4 R2f7 19. Nxc5 Qxc5 20. b3 Qd6 21. c4 Nf6 22. Qe2 Rd7 23. Bc3 1-0

[Event "Late-Titled-Tuesday-Blitz-July-09-2024"]
[Site "Chess.com"]
[Date "2024.07.09"]
[Round "10"]
[White "talaicito"]
[Black "Veleamater"]
[Result "1-0"]
[WhiteElo "2338"]
[BlackElo "2427"]
[TimeControl "180+1"]
[EndTime "15:53:29 PDT"]
[Termination "talaicito won by checkmate"]

1. d4 d6 2. e4 g6 3. Nc3 Bg7 4. Be3 Nf6 5. Be2 Nc6 6. Qd2 h5 7. f3 O-O 8. O-O-O e5 9. d5 Nd4 10. h4 a6 11. Nh3 b5 12. Bxd4 exd4 13. Qxd4 Bb7 14. Qd2 Qd7 15. Bd3 b4 16. Ne2 a5 17.
Nd4 Qa4 18. Kb1 Ba6 19. Bxa6 Rxa6 20. Qd3 Rb6 21. Nc6 Nd7 22. Ng5 Nc5 23. Qc4 b3 24.
Qxa4 Nxa4 25. axb3 Nxb2 26. Rde1 a4 27. e5 Nc4 28. Re4 Nd2+ 29. Ka2 axb3+ 30. cxb3 Ra8+ 31. Ra4 Rxa4+ 32. bxa4 dxe5 33. Ne4 Ra6 34. Nxd2 Rxa4+ 35. Kb3 Ra6 36. Nc4 f6 37. Rb1 Bf8 38. Kc3 Ra2 39.
Rb2 Ra1 40. Rb7 Rc1+ 41. Kd3 Rg1 42. Rxc7 Rxg2 43. d6 Bxd6 44. Nxd6 g5 45. Ne4 gxh4 46. Nxf6+ Kf8 47. Nxe5 h3 48. Rf7# 1-0

[Event "Late-Titled-Tuesday-Blitz-July-09-2024"]
[Site "Chess.com"]
[Date "2024.07.09"]
[Round "10"]
[White "VirtualCoach"]
[Black "Maluco_do_Natal_00"]
[Result "1-0"]
[WhiteElo "2306"]
[BlackElo "2017"]
[TimeControl "180+1"]
[EndTime "15:53:29 PDT"]
[Termination "VirtualCoach won on time"]

1. d4 d5 2. Nf3 Nf6 3. g3 Nbd7 4. Bg2 c5 5. O-O e6 6. c3 Be7 7. Re1 b6 8. Ne5 Bb7 9. Nd2 Nxe5 10. dxe5 Nd7 11.
e4 Nf8 12. exd5 exd5 13. c4 Ne6 14. cxd5 Bxd5 15. Ne4 Bxe4 16. Bxe4 Qxd1 17. Rxd1 Rc8 18.
Bd2 Nd4 19. Kf1 O-O 20. Bc3 Nb5 21. Be1 Rfd8 22. Bb7 Rb8 23. Bc6 Nd4 24. Be4 f5 25.
Bd3 g5 26. Bc3 f4 27. Bc4+ Kg7 28. a4 fxg3 29. hxg3 Nf3 30. Kg2 Nd4 31. Rd2 h6 32. Rad1 Rbc8 33. Ba6 Rb8 34. Bc4 a5 35. b3 Rbc8 36.
Bxd4 cxd4 37. Rxd4 Rxd4 38. Rxd4 Rd8 39. Re4 Rd2 40.
Kf3 h5 41. Re2 Rxe2 42. Bxe2 Bc5 43. Kg2 Kg6 44. f4 gxf4 45. gxf4 h4 46. Bg4 Be3 47. Kf3 Bd2 48. Ke4 1-0

[Event "Late-Titled-Tuesday-Blitz-July-09-2024"]
[Site "Chess.com"]
[Date "2024.07.09"]
[Round "10"]
[White "FMalexhdez"]
[Black "Gzucaritas"]
[Result "1-0"]
[WhiteElo "2264"]
[BlackElo "2065"]
[TimeControl "180+1"]
[EndTime "15:53:30 PDT"]
[Termination "FMalexhdez won on time"]

1. e4 e6 2. d4 d5 3. Nc3 Bb4 4. e5 c5 5. a3 Bxc3+ 6. bxc3 Qa5 7.
Bd2 Qa4 8. Nf3 Nc6 9. dxc5 Qe4+ 10. Be2 Nxe5 11. O-O Nc6 12. Re1 Qg6 13. c4 Nf6 14. cxd5 Nxd5 15. c4 Nf6 16. Bc3 O-O 17. Ne5 Nxe5 18.
Bxe5 a5 19. Bf3 a4 20. Rb1 Ra5 21. Bxb7 Bxb7 22. Rxb7 Rxc5 23. Bd6 Rg5 24. Qf3 Re8 25. c5 Nd5 26. c6 Rf5 27. Qg3 Qf6 28. c7 Rg5 29.
Qh3 Nxc7 30. Bxc7 Rf5 31. Qe3 Rd5 32. Rb8 1-0

[Event "Late-Titled-Tuesday-Blitz-July-09-2024"]
[Site "Chess.com"]
[Date "2024.07.09"]
[Round "10"]
[White "KorolDimitriy75"]
[Black "CapivaraBondoso"]
[Result "1-0"]
[WhiteElo "2391"]
[BlackElo "2148"]
[TimeControl "180+1"]
[EndTime "15:53:31 PDT"]
[Termination "KorolDimitriy75 won by resignation"]

1. d4 Nf6 2. c4 g6 3. Nc3 Bg7 4. e4 d6 5. Nf3 O-O 6. Be2 e5 7. dxe5 dxe5 8. Qxd8 Rxd8 9. Bg5 Re8 10. O-O-O Na6 11. Ne1 c6 12. f3 Nc5 13. Nc2 a5 14. Rd2 Ne6 15. Be3 Nd7 16. Rhd1 Ndc5 17. b3 Na6 18. Kb2 h5 19. Na4 Nb4 20. c5 Nxc2 21. Kxc2 Nd4+ 22. Bxd4 exd4 23. Bc4 Be6 24. Kd3 h4 25. Nb6 Rad8 26. Rc2 Be5 27. h3 Kg7 28. Bxe6 Rxe6 29. Rc4 f5 30. Re1 Kf6 31. Ra4 fxe4+ 32.
Rxe4 g5 33. Rxa5 Bf4 34. Ra7 Rxe4 35. fxe4 Rb8 36. Nd7+ Ke6 37. Nxb8 1-0

[Event "Late-Titled-Tuesday-Blitz-July-09-2024"]
[Site "Chess.com"]
[Date "2024.07.09"]
[Round "10"]
[White "enriquebutti"]
[Black "sammartin99"]
[Result "0-1"]
[WhiteElo "2194"]
[BlackElo "2424"]
[TimeControl "180+1"]
[EndTime "15:53:34 PDT"]
[Termination "sammartin99 won by resignation"]

1. d4 d5 2. c4 c6 3. Nf3 Nf6 4. Nc3 dxc4 5. a4 e6 6. e3 c5 7. Bxc4 Nc6 8. O-O cxd4 9. exd4 Be7 10. Re1 O-O 11. Bg5 b6 12. d5 Nxd5 13. Bxd5 exd5 14.
Qxd5 Bxg5 15. Nxg5 Qxd5 16. Nxd5 h6 17. Ne4 Nd4 18. Red1 Ne6 19. Nd6 Ba6 20. Ne7+ Kh7 21. Rac1 Nc5 22. Nb5 Bxb5 23. axb5 a5 24. Nc6 Rac8 25.
Rc2 Rfe8 26. h3 Re4 27. Rcd2 Rce8 28. Kf1 a4 29. Rd8 Rxd8 30. Rxd8 Rc4 31. Rb8 Rc1+ 32.
Ke2 Rc2+ 33. Ke3 Rxb2 34. Rxb6 a3 35. Rb8 a2 36. Ra8 Nb3 37. b6 a1=Q 0-1

[Event "Late-Titled-Tuesday-Blitz-July-09-2024"]
[Site "Chess.com"]
[Date "2024.07.09"]
[Round "10"]
[White "AlexTruskavetsky"]
[Black "praveenb2002"]
[Result "0-1"]
[WhiteElo "2707"]
[BlackElo "2854"]
[TimeControl "180+1"]
[EndTime "15:53:35 PDT"]
[Termination "praveenb2002 won on time"]

1. d4 e6 2. c4 b6 3. Nc3 Bb7 4.
e4 Bb4 5. f3 f5 6. exf5 Nh6 7.
fxe6 Nf5 8. g3 O-O 9. a3 Bxc3+ 10. bxc3 dxe6 11. Bd3 c5 12. Ne2 Nc6 13. O-O cxd4 14. Bxf5 Rxf5 15. cxd4 Na5 16. Nf4 Nxc4 17. Nxe6 Qf6 18.
Nf4 g5 19. Qd3 Qf7 20. Ng2 h6 21. Ra2 Bxf3 22. Raf2 Rf8 23. Ne1 Be4 24. Rxf5 Bxf5 25.
Rxf5 Qxf5 26. Qxc4+ Kg7 27. Qc7+ Kg6 28. Qd6+ Rf6 0-1

[Event "Late-Titled-Tuesday-Blitz-July-09-2024"]
[Site "Chess.com"]
[Date "2024.07.09"]
[Round "10"]
[White "Chessmatus"]
[Black "GMRafpig"]
[Result "0-1"]
[WhiteElo "2533"]
[BlackElo "2779"]
[TimeControl "180+1"]
[EndTime "15:53:36 PDT"]
[Termination "GMRafpig won on time"]

1. e4 c5 2. Nf3 d6 3. d4 cxd4 4. Nxd4 Nf6 5. Nc3 a6 6. g3 e5 7. Nde2 Be7 8. Bg2 O-O 9. O-O b5 10. Nd5 Nbd7 11. Nec3 Bb7 12. Be3 Nxd5 13. Nxd5 Nf6 14.
a4 Bxd5 15. exd5 Qd7 16. Qd3 bxa4 17. Ra2 Qb5 18. Qd2 Rfc8 19. Rfa1 Rab8 20. c3 h6 21. Qd1 Bd8 22. Bc1 Bb6 23. Rxa4 a5 24. Rh4 Bc5 25. Raa4 Qb6 26. Qe2 Re8 27. g4 e4 28. g5 hxg5 29. Bxg5 Qxb2 30. Qxb2 Rxb2 31. Be3 Bxe3 32. fxe3 Reb8 33. Bxe4 Re2 0-1

[Event "Late-Titled-Tuesday-Blitz-July-09-2024"]
[Site "Chess.com"]
[Date "2024.07.09"]
[Round "10"]
[White "marvinguevara"]
[Black "ernestina08chess"]
[Result "0-1"]
[WhiteElo "2086"]
[BlackElo "2305"]
[TimeControl "180+1"]
[EndTime "15:53:38 PDT"]
[Termination "ernestina08chess won on time"]

1. e4 c5 2. Nf3 d6 3. c4 Nf6 4. Nc3 Nc6 5. d4 cxd4 6. Nxd4 g6 7. Be2 Bg7 8. Be3 Nxd4 9. Bxd4 O-O 10. O-O Be6 11.
b3 a6 12. Kh1 Nd7 13. Bxg7 Kxg7 14. f4 f6 15. Qd4 Qb6 16. Qd3 Rac8 17. Bf3 Qa5 18. Nd5 Bxd5 19. exd5 b5 20. cxb5 axb5 21. Bg4 f5 22. Bf3 Nf6 23. Rfe1 Rfe8 24. a4 b4 25. Re6 Rc3 26. Qd4 Qc7 27. Rae1 Kf7 28. h3 Rc1 29. Kh2 Rxe1 30. Rxe1 Rb8 31. Re6 Qc2 32. Qe3 Rb7 33. Rxf6+ Kxf6 34. Qe6+ Kg7 35. Be2 Qd2 36. a5 Qxf4+ 37. Kg1 Rc7 0-1

[Event "Late-Titled-Tuesday-Blitz-July-09-2024"]
[Site "Chess.com"]
[Date "2024.07.09"]
[Round "10"]
[White "Snowball-03"]
[Black "1g60-1"]
[Result "1-0"]
[WhiteElo "2602"]
[BlackElo "2473"]
[TimeControl "180+1"]
[EndTime "15:53:39 PDT"]
[Termination "Snowball-03 won by resignation"]

1. e4 e6 2. d4 d5 3. Nc3 Bb4 4. e5 Ne7 5. Bd2 b6 6. a3 Bxc3 7. Bxc3 Ba6 8. Bxa6 Nxa6 9. Qe2 Nb8 10. h4 Qd7 11. h5 h6 12. Nf3 a6 13. g4 Qb5 14.
Qe3 c5 15. O-O-O Nbc6 16. Qf4 Qa4 17. g5 Nf5 18. Rhg1 b5 19. gxh6 Rxh6 20. Rxg7 O-O-O 21. Rxf7 Rxh5 22. Qg4 Rhh8 23. Qg6 Rhe8 24. Rxf5 b4 25.
axb4 cxb4 26. Be1 b3 27. Rf7 Qa1+ 28. Kd2 Qxb2 29. Qd3 Qxc2+ 30. Qxc2 bxc2 31. Kxc2 Rf8 32. Rxf8 Rxf8 33. Ng5 Kd7 34. Kd3 Rf4 35. Ke3 Rg4 36. f4 Ne7 37. Bf2 Ng6 38. Nh3 Ne7 39. Kf3 Rg8 40.
Rb1 Kc6 41. Ng5 Rg6 42. Kg4 Nf5 43. Kf3 a5 44. Ke2 Rh6 45. Rc1+ Kb5 46. Be1 Nxd4+ 47. Kd3 Nb3 48. Rc7 Rh3+ 49. Nxh3 1-0

[Event "Late-Titled-Tuesday-Blitz-July-09-2024"]
[Site "Chess.com"]
[Date "2024.07.09"]
[Round "10"]
[White "luggevoila"]
[Black "Redzishchess"]
[Result "1-0"]
[WhiteElo "2359"]
[BlackElo "2448"]
[TimeControl "180+1"]
[EndTime "15:53:40 PDT"]
[Termination "luggevoila won by checkmate"]

1. e4 c5 2. Be2 g6 3. f4 Bg7 4. Nf3 Nc6 5. O-O e6 6. c3 Nge7 7. d4 cxd4 8. cxd4 d5 9. e5 O-O 10.
Be3 Qb6 11. Qd2 Nf5 12. Bf2 h5 13. Nc3 Qa5 14. Bd3 Nce7 15. h3 Bd7 16. b4 Qxb4 17. g4 hxg4 18. hxg4 Nh6 19. Rab1 Qa5 20. Rxb7 Rfd8 21.
Bh4 Bf8 22. Ne4 Qxd2 23. Nf6+ Kg7 24. Nxd2 Bc6 25. Rbb1 Rab8 26. Nb3 Bb5 27. Bxb5 Rxb5 28. Nc5 Rdb8 29. Rxb5 Rxb5 30. Ncd7 Nc6 31. Bg5 Ba3 32. Ne8+ Kh7 33. Ndf6+ Kh8 34. Bxh6 Nxd4 35. Bg7# 1-0